 Dungeon Crawl Stone Soup version 0.21.1-1-g345015fe64 (webtiles) character file.

3746 rtentser the Cleaver (level 10, 0/94 HPs)
             Began as a Hill Orc Fighter on Mar 16, 2018.
             Was an Elder of Trog.
             Slain by a slime creature (1 damage)
             ... on level 8 of the Dungeon.
             The game lasted 01:19:03 (6567 turns).

rtentser the Cleaver (Hill Orc Fighter)             Turns: 6567, Time: 01:19:04

Health: 0/94       AC: 13    Str: 23    XL:     10   Next: 15%
Magic:  10/10      EV:  6    Int: 10    God:    Trog [****..]
Gold:   120        SH: 11    Dex: 10    Spells: 9/9 levels left

rFire    . . .     SeeInvis .   p - +0 broad axe
rCold    . . .     Gourm    .   c - +0 shield
rNeg     . . .     Faith    .   o - +0 chain mail
rPois    .         Spirit   .   i - +0 helmet
rElec    .         Reflect  .   (no cloak)
rCorr    .         Harm     .   (no gloves)
MR       +....                  (no boots)
Stlth    ..........             j - amulet of regeneration
HPRegen  0.65/turn              l - +2 ring of protection
MPRegen  0.12/turn              t - ring of protection from magic

@: berserk cooldown, slowed, very slow
A: clever 1, robust 1
a: Berserk, Trog's Hand, Brothers in Arms, Burn Spellbooks, Renounce Religion


You were on level 8 of the Dungeon.
You worshipped Trog.
Trog was greatly pleased with you.
You were not hungry.

You visited 2 branches of the dungeon, and saw 9 of its levels.

You collected 491 gold pieces.
You spent 371 gold pieces at shops.

Inventory:

Hand Weapons
 a - a +1 war axe
 p - a +0 broad axe (weapon)
Armour
 c - a +0 shield (worn)
 i - a +0 helmet (worn)
 o - a +0 chain mail (worn)
Jewellery
 j - an amulet of regeneration (around neck)
 l - a +2 ring of protection (left hand)
 t - a ring of protection from magic (right hand)
Scrolls
 b - 6 scrolls of remove curse
 e - 3 scrolls of teleportation
 g - 4 scrolls of identify
 h - a scroll of fear
 q - a scroll of magic mapping
Potions
 d - 5 potions of might
 m - a potion of haste
 n - 5 potions of heal wounds
 r - a potion of flight
Comestibles
 f - 18 rations
 k - 2 chunks of flesh


   Skills:
 + Level 7.6 Fighting
 + Level 12.8 Axes
 + Level 6.9 Armour
 + Level 7.9 Shields


You had 9 spell levels left.
You didn't know any spells.

Dungeon Overview and Level Annotations

Branches:
Dungeon (8/15)             Temple (1/1) D:5
   Lair: D:8-11

Altars:
Ashenzari
Cheibriados
Dithmenos
Elyvilon
Fedhas
Gozag
Hepliaklqana
Kikubaaqudgha
Makhleb
Nemelex Xobeh
Okawaru
Qazlal
Ru
Sif Muna
Trog
Uskayaw
Vehumet
Wu Jian
Xom
Yredelemnul
Zin
The Shining One

Shops:
D:4 :*   D:7 !


Innate Abilities, Weirdness & Mutations

Your mind is acute. (Int +2)
You are robust. (+10% HP)


Message History

There is an open door here.
Some of the chunks of flesh in your inventory have rotted away.
You feel much better.
An enormous slime creature splits.
The large slime creature hits you!!
You hit the large slime creature.
The large slime creature is lightly wounded.
You barely miss the large slime creature.
A large slime creature splits. x2
You slash the slime creature!
The slime creature is moderately wounded.
You slash the slime creature! x2; You hit the slime creature.
The slime creature hits you!
* * * LOW HITPOINT WARNING * * *
The slime creature hits you but does no damage.
The slime creature hits you!
* * * LOW HITPOINT WARNING * * *
The slime creature hits you!
* * * LOW HITPOINT WARNING * * *
The slime creature hits you.
You die...

#..........# ##.....#
#........#..###..#J..#
+........#...#...#.......
#........#.......#....).$
#........#.......#...##..
#>.......#..##...##..# #
#....#'#######...##..#
#....#..'.JJ.#.........
+....#..#.@J.'...F.....
###....######J###############
.............#####............
..............#...'............
..............'...#............
..............#...#............
..............#####.........###
..##+######..........###'####
+..........+..<...#


You could see 4 slime creatures and a bullfrog (wandering).

Vanquished Creatures
  2 slime creatures (D:8)
  A hippogriff (D:7)
  The ghost of Bazille the Magician, an amateur OpWz (D:5)
  A spriggan (D:7)
  Menkaure (D:7)
  2 sky beasts
  A black bear (D:5)
  2 ice beasts
  4 ogres
  2 centaurs
  3 bullfrogs
  A gnoll sergeant (D:7)
  2 scorpions
  5 wights (D:6)
  A howler monkey (D:5)
  3 crimson imps
  A bullfrog zombie (D:7)
  3 hounds (D:6)
  3 orc priests
  A centaur skeleton (D:5)
  4 jellies
  2 orc wizards
  Jessica (D:3)
  An iguana (D:6)
  6 worker ants
  A killer bee zombie (D:7)
  A hound skeleton (D:5)
  10 gnolls
  10 adders
  A howler monkey skeleton (D:6)
  8 river rats (D:6)
  3 shadow imps
  7 oozes (D:3)
  3 dart slugs (D:2)
  3 worms
  2 leopard geckos
  13 orcs
  8 bats
  8 giant cockroaches
  4 goblins
  7 hobgoblins
  15 jackals
  13 quokkas
  8 frilled lizards
  9 kobolds
  A quokka skeleton (D:4)
  A quokka zombie (D:5)
  43 rats
  3 plants (D:4)
236 creatures vanquished.

Vanquished Creatures (others)
  A fungus (D:3)
  9 toadstools (D:3)
10 creatures vanquished.

Grand Total: 246 creatures vanquished

Notes
Turn   | Place    | Note
-------+----------+-------------------------------------------
     0 | D:1      | rtentser the Hill Orc Fighter began the quest for the Orb.
     0 | D:1      | Reached XP level 1. HP: 19/19 MP: 1/1
   142 | D:1      | Reached XP level 2. HP: 26/27 MP: 2/2
   724 | D:1      | Reached skill level 3 in Axes
   739 | D:1      | Gained mutation: Your mind is acute. (Int +2) [potion of mutation]
   739 | D:1      | Gained mutation: You are robust. (+10% HP) [potion of mutation]
   948 | D:2      | Reached XP level 3. HP: 35/36 MP: 3/3
  1019 | D:2      | Found a basalt altar of Yredelemnul.
  1314 | D:2      | Reached XP level 4. HP: 43/44 MP: 4/4
  1586 | D:2      | Reached skill level 4 in Axes
  1666 | D:2      | Found a deep blue altar of Sif Muna.
  1760 | D:3      | Noticed a moth of wrath
  1765 | D:3      | Found a bloodstained altar of Trog.
  1785 | D:3      | Became a worshipper of Trog the Wrathful
  1971 | D:3      | Reached * piety under Trog
  1982 | D:3      | Found a radiant altar of Vehumet.
  2016 | D:3      | Reached XP level 5. HP: 36/50 MP: 5/5
  2049 | D:3      | Noticed Jessica
  2058 | D:3      | Killed Jessica
  2419 | D:3      | Reached skill level 5 in Axes
  2473 | D:3      | Found a shadowy altar of Dithmenos.
  2726 | D:3      | Reached XP level 6. HP: 41/58 MP: 6/6
  3003 | D:4      | Reached skill level 6 in Axes
  3173 | D:4      | Found Hynenan's Assorted Antiques.
  3181 | D:4      | Reached ** piety under Trog
  3185 | D:4      | Found Yxiuck's Book Emporium.
  3190 | D:4      | Reached XP level 7. HP: 55/66 MP: 7/7
  3227 | D:4      | Bought a helmet for 76 gold pieces
  3263 | D:4      | Reached skill level 5 in Shields
  3330 | D:4      | Found an iron altar of Okawaru.
  3547 | D:4      | Reached skill level 7 in Axes
  3630 | D:4      | Found a shattered altar of Ashenzari.
  3690 | D:4      | Found a glowing golden altar of the Shining One.
  3882 | D:5      | Entered Level 5 of the Dungeon
  3890 | D:5      | Reached skill level 5 in Fighting
  3968 | D:4      | Bought a viscous inky potion for 15 gold pieces
  3968 | D:4      | Bought a broad axe for 68 gold pieces
  3968 | D:4      | Bought a scroll labeled ALAOLI ROUS for 17 gold pieces
  4039 | D:5      | Found a staircase to the Ecumenical Temple.
  4041 | D:5      | Reached skill level 5 in Armour
  4231 | D:5      | Reached XP level 8. HP: 68/74 MP: 8/8
  4235 | D:5      | Reached skill level 8 in Axes
  4271 | D:5      | Noticed Bazille's ghost (amateur OpWz)
  4318 | D:5      | Killed Bazille's ghost
  4405 | D:5      | Reached skill level 9 in Axes
  4557 | D:5      | Got a colourful robe
  4783 | Temple   | Entered the Ecumenical Temple
  5116 | D:6      | Found a shattered altar of Ashenzari.
  5175 | D:6      | Reached skill level 10 in Axes
  5203 | D:6      | Reached *** piety under Trog
  5371 | D:6      | Reached XP level 9. HP: 82/82 MP: 9/9
  5542 | D:6      | Reached skill level 11 in Axes
  5646 | D:6      | Reached **** piety under Trog
  6092 | D:7      | Found Ogestrul's Distillery.
  6102 | D:7      | Bought a potion of heal wounds for 75 gold pieces
  6102 | D:7      | Bought 2 potions of might for 120 gold pieces
  6155 | D:7      | Reached skill level 12 in Axes
  6245 | D:7      | Noticed Menkaure
  6251 | D:7      | Killed Menkaure
  6381 | D:7      | Reached XP level 10. HP: 88/94 MP: 10/10
  6414 | D:7      | Found a burning altar of Makhleb.
  6414 | D:7      | Noticed a cacodemon
  6419 | D:7      | Noticed an orange demon
  6419 | D:7      | Noticed an orange demon
  6567 | D:8      | HP: 1/94 [slime creature (9)]
  6567 | D:8      | Slain by a slime creature

Skill      XL: |  1  2  3  4  5  6  7  8  9 |
---------------+----------------------------+-----
Fighting       | 4 5 7 |  7.6
Axes           | 3 4 5 6 7 10 12 | 12.8
Armour         | 4 5 6 |  6.9
Shields        | 4 5 6 7 |  7.9

Action                   |  1- 3 |  4- 6 |  7- 9 | 10-12 || total
-------------------------+-------+-------+-------+-------++-------
Melee: War axe           |   122 |   200 |   105 |       ||   427
       Broad axe         |       |       |   372 |    20 ||   392
Invok: Berserk           |       |       |     1 |     1 ||     2
  Use: Scroll            |     9 |     3 |     4 |       ||    16
       Potion            |     5 |     2 |     3 |     3 ||    13
  Eat: Chunk             |     1 |     5 |     3 |       ||     9
       Ration            |       |     1 |     3 |       ||     4
Armor: Scale mail        |    84 |   103 |       |       ||   187
       Chain mail        |       |    49 |   200 |     3 ||   252
Dodge: Dodged            |    57 |    80 |   106 |     3 ||   246
Block: Shield            |    75 |   139 |   239 |     9 ||   462
